 Dungeon Crawl Stone Soup version 0.18.1-48-g4cf74bf (webtiles) character file.

128471 nikopol the Impaler (level 16, -3/147 HPs)
             Began as a Minotaur Berserker on Aug 3, 2016.
             Was the Champion of Trog.
             Shot with an arrow by Vashnia (15 damage)
             ... on level 2 of the Snake Pit.
             The game lasted 01:39:42 (32217 turns).

nikopol the Impaler (Minotaur Berserker)           Turns: 32217, Time: 01:39:42

Health: -3/147     AC: 32    Str: 26    XL:     16   Next: 48%
Magic:  8/8        EV: 15    Int:  4    God:    Trog [******]
Gold:   2431       SH:  2    Dex: 15    Spells: 0 memorised, 15 levels left

rFire  . . .     SeeInvis +     A - +3 glaive (antimagic)
rCold  x . .     Gourm    .     G - +5 plate armour of the Lost Mice {rPois rC- Regen+ MP+9}
rNeg   . . .     Faith    .     (shield currently unavailable)
rPois  +         Spirit   .     N - +2 hat
rElec  .         Dismiss  .     y - +1 cloak
rCorr  .         Reflect  +     d - +1 pair of gloves
SustAt .         Harm     .     w - +2 pair of boots {Stlth+}
MR     +....                    R - +2 amulet of reflection
Stlth  ..........               B - +2 ring of strength
                                H - ring of see invisible

@: lethally poisoned (-3 -> -4), exhausted, slowed, very slow, somewhat
resistant to hostile enchantments, extremely unstealthy
A: retaliatory headbutt, horns 2, blink
a: Blink, Berserk, Trog's Hand, Brothers in Arms, Burn Spellbooks, Renounce
Religion


You were on level 2 of the Snake Pit.
You worshipped Trog.
Trog was exalted by your worship.
You were very hungry.

You visited 4 branches of the dungeon, and saw 26 of its levels.
You also visited: Sewer.

You collected 3249 gold pieces.
You spent 818 gold pieces at shops.

Inventory:

Hand Weapons
 a - the +10 lance "Wyrmbane" {slay drac, +Rage rPois rF+ AC+5}
   (Trog gifted it to you on level 7 of the Lair of Beasts)

   It affects your AC (+5).
   It protects you from fire.
   It protects you from poison.
   It lets you go berserk.
 z - a +6 shortbow of freezing
 A - a +3 antimagic glaive (weapon)
Missiles
 n - 442 arrows (quivered)
Armour
 b - a +2 large shield
 d - a +1 pair of gloves (worn)
 w - a +2 pair of boots of stealth (worn)
 y - a +1 cloak (worn)
 E - a +2 scale mail of magic resistance
 G - the +5 plate armour of the Lost Mice (worn) {rPois rC- Regen+ MP+9}
   (You bought it in a shop on level 2 of the Orcish Mines)

   It makes you vulnerable to cold.
   It protects you from poison.
   It affects your magic capacity (+9).
   It increases your rate of regeneration.
 N - a +2 hat (worn)
 X - a +2 shield of reflection
Jewellery
 g - an uncursed ring of sustain attributes
 B - a +2 ring of strength (right hand)
 H - a ring of see invisible (left hand)
 L - a cursed ring of loudness {unknown}
 O - an uncursed ring of resist corrosion
 R - a +2 amulet of reflection (around neck)
Wands
 t - a wand of disintegration (12/24)
 F - a wand of teleportation (6/9)
Scrolls
 e - 5 scrolls of remove curse
 f - 5 scrolls of magic mapping
 l - a scroll of enchant armour
 o - 9 scrolls of fear
 p - 2 scrolls of fog
 u - 5 scrolls of blinking
 D - 6 scrolls of teleportation
 S - a scroll of holy word
 T - a scroll of immolation {unknown}
 U - a scroll of summoning {unknown}
 Z - a scroll of recharging
Potions
 h - 4 potions of resistance
 j - 4 potions of brilliance
 m - 9 potions of curing
 r - 3 potions of berserk rage
 s - 6 potions of heal wounds
 v - 3 potions of haste
 C - 3 potions of magic
 I - a potion of invisibility
 J - 4 potions of might
 K - a potion of cure mutation
 P - a potion of agility
 V - 2 potions of flight
Comestibles
 c - 12 bread rations
 i - 17 slices of pizza
 k - a royal jelly
 q - 32 fruits
 x - 7 beef jerkies
 Q - 8 meat rations


   Skills:
 + Level 14.4 Fighting
 + Level 17.4 Polearms
 - Level 15.1 Bows
 + Level 14.2 Armour
 + Level 13.7 Dodging
 * Level 7.6 Shields


You had 15 spell levels left.
You didn't know any spells.

Dungeon Overview and Level Annotations

Branches:
Dungeon (14/15)            Temple (0/1) D:7            Lair (8/8) D:10
 Shoals (0/4) Lair:6        Snake (2/4) Lair:6        Slime (0/6) Lair:8
    Orc (2/2) D:11            Elf (0/3) Orc:2        Vaults (0/5) D:13

Altars:
Cheibriados
Dithmenos
Fedhas
Kikubaaqudgha
Makhleb
Nemelex Xobeh
Okawaru
Pakellas
Qazlal
Sif Muna
Yredelemnul
Zin
Beogh
Jiyva

Shops:
D:6 (   D:8 *   D:13 !   D:14 ?   Orc:2 [((%   Snake:2 (

Annotations:
Snake:2 Vashnia


Innate Abilities, Weirdness & Mutations

You reflexively headbutt those who attack you in melee.
You have a pair of horns on your head.
You can translocate small distances at will.


Message History

You are exhausted.
You feel yourself slow down.
You are feeling very hungry.
You feel sick.
The naga sharpshooter spits poison at you.
The splash of poison hits you! You resist.
* * * LOW HITPOINT WARNING * * *
Drink which item? (? for menu, Esc to quit)
You feel much better.
The naga sharpshooter gestures wildly while chanting.
The naga sharpshooter magically shoots an arrow.
The arrow hits you!
* * * LOW HITPOINT WARNING * * *
Vashnia spits poison at you. The splash of poison misses you.
The naga sharpshooter spits poison at you.
The splash of poison misses you.
The naga sharpshooter shoots an arrow.
The arrow hits you but does no damage.
Vashnia shoots an arrow.
The arrow hits you!
You die...

##..........#....
##...........##...
##.............##..
##......÷........##
#.......).........#
........#[........##
........#..........##
.......##......).N..#
......##.......)@†..##
....###....#....(....##
..####...###.###((...(##
>.##...<.#...# #.(..N..#
.############.
##(.##.((# .# #
###NN#.)# ## ####($) #
#((....# (N.....#


You could see Vashnia and 2 naga sharpshooters.

Vanquished Creatures
  Rupert (D:13)
  The ghost of Britaniac the Scorcher, an adept DEFE of Vehumet (Snake:2)
  Asterion (Snake:1)
  A frost giant (D:14)
  The ghost of nikopol the Impaler, a journeyman MiBe of Trog (Lair:8)
  An orc warlord (Orc:2)
  Donald (D:13)
  The ghost of Ferkelamun the Grappler, a journeyman TrBe of Trog (Lair:6)
  The ghost of p0werm0de the Spry, a journeyman OpMo of Xom (Orc:2)
  The ghost of TBriggs11TB the Warrior, a journeyman MiBe of Trog (D:11)
  A fire dragon (Lair:8)
  The ghost of Ferkelamun the Grappler, a journeyman TrMo of Makhleb (Lair:3)
  8 hydras
  5 naga warriors
  A centaur warrior (D:13)
  2 catoblepae (Lair:8)
  6 anacondas
  The ghost of daning the Carver, a journeyman HESk of Okawaru (Lair:3)
  A death knight (D:14)
  Erica (D:10)
  8 death yaks
  A tengu warrior (D:14)
  An orc high priest (Orc:2)
  2 shock serpents
  5 naga sharpshooters
  A skeletal warrior (D:14)
  2 unseen horrors
  A naga ritualist (Snake:2)
  17 hill giants
  A harpy (shapeshifter) (D:14)
  An orc knight (Orc:1)
  A lindwurm (Lair:8)
  3 manticores
  7 orc sorcerers (Orc:2)
  2 ugly things
  6 cyclopes
  4 griffons
  A deep elf mage (D:10)
  A salamander (Snake:2)
  18 elephants
  5 naga magi
  A guardian serpent (Snake:2)
  A siren (Lair:6)
  17 black mambas
  Joseph (D:10)
  Psyche (D:10)
  15 spiny frogs
  2 gargoyles
  9 komodo dragons
  4 rime drakes
  A freezing wraith (D:14)
  2 kobold demonologists (D:7)
  2 two-headed ogres
  A polar bear (shapeshifter) (D:13)
  A polar bear (Lair:8)
  4 trolls
  Prince Ribbit (D:5)
  A boulder beetle (Lair:8)
  A slime creature (D:10)
  24 blink frogs
  A shadow (D:13)
  A vampire (D:14)
  36 yaks
  3 wraiths
  5 basilisks
  2 wyverns
  9 hippogriffs
  12 humans
  A steam dragon (Lair:8)
  A hungry ghost (D:14)
  3 vampire mosquitoes (D:12)
  2 mottled dragons
  19 nagas
  12 wargs
  26 water moccasins
  23 porcupines
  3 swamp drakes (Lair:8)
  2 ice beasts
  16 orc warriors
  2 phantoms
  2 black bears
  A necrophage (D:10)
  21 wolves
  7 ogres
  11 centaurs
  24 crocodiles
  22 giant frogs
  2 wyvern skeletons
  3 scorpions
  7 wights
  21 killer bees
  6 howler monkeys
  5 electric eels
  2 centaur zombies
  13 crimson imps
  8 hounds
  5 jellies
  A quasit (D:14)
  4 giant frog zombies
  21 orc priests
  35 orc wizards
  A gnoll shaman (D:4)
  Crazy Yiuf (D:3)
  2 giant frog skeletons (D:10)
  Ijyb (D:3)
  8 worker ants
  19 iguanas
  8 hell rats (Lair:2)
  19 sheep
  A killer bee zombie (D:10)
  A hound skeleton (D:4)
  A howler monkey zombie (D:8)
  Robin (D:3)
  16 gnolls
  2 worker ant zombies
  21 adders
  75 river rats
  2 shadow imps
  2 oozes
  2 adder skeletons
  An adder zombie (D:7)
  3 worms
  3 dart slugs
  15 giant geckos
  101 orcs
  3 ball pythons (Sewer)
  12 giant cockroaches
  12 hobgoblins
  8 jackals (D:5)
  6 quokkas
  6 bats
  5 giant newts
  22 goblins
  9 kobolds
  25 rats
  A fungus (Lair:7)
  5 plants
1034 creatures vanquished.

Vanquished Creatures (collateral kills)
  A skeletal warrior (D:13)
  A wyvern (D:13)
  5 humans (D:13)
  An orc (D:13)
8 creatures vanquished.

Vanquished Creatures (others)
  12 fungi
  22 plants
34 creatures vanquished.

Grand Total: 1076 creatures vanquished

Notes
Turn   | Place    | Note
--------------------------------------------------------------
     0 | D:1      | nikopol the Minotaur Berserker began the quest for the Orb.
     0 | D:1      | Reached XP level 1. HP: 19/19 MP: 0/0
   101 | D:1      | Reached XP level 2. HP: 14/27 MP: 1/1
   583 | D:1      | Reached XP level 3. HP: 32/33 MP: 2/2
   845 | D:1      | Reached ** piety under Trog
   957 | D:2      | Found an oddly glowing altar of Pakellas.
  1549 | D:3      | Noticed Ijyb
  1566 | D:3      | Killed Ijyb
  1566 | D:3      | Reached skill level 4 in Polearms
  1566 | D:3      | Reached XP level 4. HP: 41/41 MP: 3/3
  1636 | D:3      | Reached XP level 5. HP: 41/47 MP: 4/4
  1637 | D:3      | Reached skill level 5 in Fighting
  1677 | D:3      | Reached *** piety under Trog
  1685 | D:3      | Found a glowing drain.
  1718 | Sewer    | Entered a sewer
  2024 | Sewer    | Reached skill level 5 in Polearms
  2024 | Sewer    | Reached XP level 6. HP: 54/56 MP: 5/5
  2323 | D:3      | Reached **** piety under Trog
  2462 | D:3      | Found a sparkling altar of Nemelex Xobeh.
  2468 | D:3      | Noticed Robin
  2490 | D:3      | Killed Robin
  2669 | D:3      | Noticed Crazy Yiuf
  2672 | D:3      | Killed Crazy Yiuf
  2817 | D:4      | Found a shadowy altar of Dithmenos.
  2987 | D:4      | Reached XP level 7. HP: 62/62 MP: 6/6
  3203 | D:4      | Reached skill level 5 in Armour
  4056 | D:4      | Reached skill level 5 in Dodging
  4064 | D:5      | Entered Level 5 of the Dungeon
  4231 | D:5      | Reached skill level 6 in Polearms
  4364 | D:5      | Noticed Prince Ribbit
  4378 | D:5      | Killed Prince Ribbit
  4378 | D:5      | Reached XP level 8. HP: 51/71 MP: 7/7
  4576 | D:5      | Reached ***** piety under Trog
  4678 | D:5      | Found an ancient bone altar of Kikubaaqudgha.
  4716 | D:5      | Reached skill level 1 in Bows
  4728 | D:5      | Received a gift from Trog
  4728 | D:5      | Reached skill level 7 in Polearms
  4978 | D:5      | Found an iron altar of Okawaru.
  5177 | D:6      | Found a basalt altar of Yredelemnul.
  5196 | D:6      | Found Jeceritula's Antique Weapon Boutique.
  5435 | D:6      | Found a burning altar of Makhleb.
  5435 | D:6      | Noticed a balrug
  5742 | D:7      | Noticed a kobold demonologist
  5742 | D:7      | Noticed a kobold demonologist
  5748 | D:7      | Noticed a hellwing
  5752 | D:7      | Killed a kobold demonologist
  5752 | D:7      | Reached XP level 9. HP: 67/79 MP: 8/8
  5758 | D:7      | Noticed an orange demon
  5762 | D:7      | Killed a kobold demonologist
  5762 | D:7      | Reached skill level 8 in Polearms
  6313 | D:7      | Reached skill level 5 in Bows
  6580 | D:7      | Reached skill level 9 in Polearms
  6840 | D:7      | Found a staircase to the Ecumenical Temple.
  7039 | D:8      | Reached XP level 10. HP: 88/88 MP: 9/9
  7590 | D:8      | Found Kumerghu's Assorted Antiques.
  8220 | D:9      | Found a snail-covered altar of Cheibriados.
  8354 | D:10     | Entered Level 10 of the Dungeon
  8372 | D:10     | Noticed an unseen horror
  8378 | D:10     | Killed an unseen horror
  8378 | D:10     | Reached skill level 10 in Polearms
  8578 | D:10     | Received a gift from Trog
  8682 | D:10     | Noticed a deep elf mage
  8690 | D:10     | Killed a deep elf mage
  8774 | D:10     | Noticed Joseph
  9137 | D:10     | Noticed a hill giant
  9142 | D:10     | Killed a hill giant
  9142 | D:10     | Reached XP level 11. HP: 87/97 MP: 3/10
  9213 | D:10     | Noticed a green ugly thing
  9228 | D:10     | Killed a green ugly thing
  9231 | D:10     | HP: 1/97 [poisoned by a green ugly thing]
  9902 | D:10     | Noticed Psyche
  9909 | D:10     | Killed Psyche
  9919 | D:10     | Found a staircase to the Lair.
 10318 | D:10     | Killed Joseph
 10523 | D:10     | Reached skill level 11 in Polearms
 10552 | D:10     | Noticed Erica
 10558 | D:10     | Killed Erica
 11041 | Lair:1   | Entered Level 1 of the Lair of Beasts
 11376 | Lair:1   | Reached skill level 10 in Fighting
 11675 | Lair:1   | Received a gift from Trog
 12682 | Lair:1   | Noticed a five-headed hydra
 12693 | Lair:1   | Killed an 11-headed hydra
 13218 | Lair:2   | Reached skill level 10 in Bows
 13269 | Lair:2   | Noticed a seven-headed hydra
 13277 | Lair:2   | Killed a ten-headed hydra
 13277 | Lair:2   | Reached skill level 12 in Polearms
 13277 | Lair:2   | Reached skill level 10 in Armour
 13384 | Lair:2   | Reached XP level 12. HP: 99/107 MP: 11/11
 13409 | Lair:2   | Received a gift from Trog
 13609 | Lair:2   | Received a gift from Trog
 13754 | Lair:2   | Received a gift from Trog
 14439 | Lair:3   | Found a deep blue altar of Sif Muna.
 14443 | Lair:3   | Noticed Ferkelamun's ghost (journeyman TrMo)
 14452 | Lair:3   | Killed Ferkelamun's ghost
 14641 | Lair:3   | Noticed daning's ghost (journeyman HESk)
 14647 | Lair:3   | Killed daning's ghost
 14647 | Lair:3   | Reached skill level 10 in Dodging
 14803 | Lair:3   | Noticed a seven-headed hydra
 14807 | Lair:3   | Killed a seven-headed hydra
 15381 | Lair:4   | Reached skill level 13 in Polearms
 15778 | Lair:4   | Noticed a six-headed hydra
 15787 | Lair:4   | Killed a six-headed hydra
 15787 | Lair:4   | Received a gift from Trog
 15973 | Lair:4   | Noticed a death yak
 15974 | Lair:4   | Noticed a death yak
 15974 | Lair:4   | Noticed a death yak
 16010 | Lair:4   | Killed a death yak
 16030 | Lair:4   | Noticed a death yak
 16031 | Lair:4   | Noticed a death yak
 16055 | Lair:4   | Killed a death yak
 16056 | Lair:4   | Noticed a death yak
 16064 | Lair:3   | Killed a death yak
 16068 | Lair:3   | Killed a death yak
 16068 | Lair:3   | Reached XP level 13. HP: 53/116 MP: 4/12
 17663 | Lair:5   | Found a glowing silver altar of Zin.
 18302 | Lair:6   | Noticed Ferkelamun's ghost (journeyman TrBe)
 18327 | Lair:6   | Killed Ferkelamun's ghost
 18707 | Lair:6   | Found a staircase to the Shoals.
 18910 | Lair:6   | Reached skill level 14 in Polearms
 19154 | Lair:6   | Found a staircase to the Snake Pit.
 19476 | Lair:6   | Received a gift from Trog
 19828 | Lair:7   | Reached ****** piety under Trog
 20765 | Lair:7   | Found a blossoming altar of Fedhas.
 20983 | Lair:7   | Reached XP level 14. HP: 127/127 MP: 4/13
 21083 | Lair:7   | Received a gift from Trog
 21450 | Lair:7   | Reached skill level 15 in Polearms
 21530 | Lair:8   | Entered Level 8 of the Lair of Beasts
 21575 | Lair:8   | Found a viscous altar of Jiyva.
 21899 | Lair:8   | Noticed nikopol's ghost (journeyman MiBe)
 21956 | Lair:8   | Killed nikopol's ghost
 22101 | Lair:8   | Found a staircase to the Slime Pits.
 22624 | Lair:8   | Received a gift from Trog
 24022 | Lair:6   | Reached skill level 16 in Polearms
 24322 | D:11     | Received a gift from Trog
 24338 | D:11     | Found a staircase to the Orcish Mines.
 24417 | D:11     | Noticed TBriggs11TB's ghost (journeyman MiBe)
 24443 | D:11     | Killed TBriggs11TB's ghost
 26033 | D:13     | Found Efetig's Distillery.
 26121 | D:13     | Reached XP level 15. HP: 136/136 MP: 14/14
 26156 | D:13     | Noticed Rupert
 26167 | D:13     | Noticed Donald
 26181 | D:13     | Killed Rupert
 26208 | D:13     | Killed Donald
 26229 | D:13     | Received a gift from Trog
 26254 | D:13     | Found a gate to the Vaults.
 26270 | D:13     | Got a faintly humming ring mail
 26281 | D:13     | Identified the +4 ring mail "Urefer" {MP+9 Str+3} (You found it on level 13 of the Dungeon)
 26445 | D:13     | Found a stormy altar of Qazlal.
 26482 | D:13     | Gained mutation: You can translocate small distances at will. [potion of beneficial mutation]
 27028 | Orc:1    | Entered Level 1 of the Orcish Mines
 27208 | Orc:2    | Entered Level 2 of the Orcish Mines
 27246 | Orc:2    | Found a staircase to the Elven Halls.
 27290 | Orc:2    | Found Bakh's Food Boutique.
 27311 | Orc:2    | Found Zodeubba's Weapon Shoppe.
 27378 | Orc:2    | Received a gift from Trog
 27578 | Orc:2    | Found a roughly hewn altar of Beogh.
 27627 | Orc:2    | Noticed p0werm0de's ghost (journeyman OpMo)
 27653 | Orc:2    | Killed p0werm0de's ghost
 27825 | Orc:2    | Found Fewk's Antique Armour Shoppe.
 27838 | Orc:2    | Bought a dazzling plate armour for 728 gold pieces
 27848 | Orc:2    | Identified the +5 plate armour of the Lost Mice {rPois rC- Regen+ MP+9} (You bought it in a shop on level 2 of the Orcish Mines)
 27854 | Orc:2    | Found Suotim's Antique Weapon Boutique.
 27955 | Orc:2    | Received a gift from Trog
 28137 | Orc:2    | Noticed an orc warlord
 28158 | Orc:2    | Killed an orc warlord
 29343 | D:14     | Reached skill level 1 in Shields
 29359 | D:14     | Received a gift from Trog
 29362 | D:14     | Reached skill level 17 in Polearms
 29569 | D:14     | Noticed a frost giant
 29606 | D:14     | Killed a frost giant
 29801 | D:14     | Got a pair of slimy gloves
 29816 | D:14     | Identified the +0 pair of gloves "Mioprirhic" {*Drain rC- Int+8 Dex+3} (You found it on level 14 of the Dungeon)
 30220 | D:14     | Found Joecvif's Magic Scroll Boutique.
 30244 | D:14     | Reached skill level 15 in Bows
 30275 | D:14     | Bought a scroll of enchant weapon for 90 gold pieces
 30703 | Snake:1  | Entered Level 1 of the Snake Pit
 30811 | Snake:1  | Reached XP level 16. HP: 143/146 MP: 15/15
 30970 | Snake:1  | Noticed Asterion
 30983 | Snake:1  | Killed Asterion
 30983 | Snake:1  | Reached skill level 5 in Shields
 31458 | Snake:1  | Received a gift from Trog
 31659 | Snake:1  | You fall through a shaft!
 31749 | Snake:2  | Received a gift from Trog
 31941 | Snake:2  | Found Ykeun's Weapon Emporium.
 31941 | Snake:2  | Noticed Vashnia
 32181 | Snake:2  | Noticed Britaniac's ghost (adept DEFE)
 32213 | Snake:2  | Killed Britaniac's ghost
 32215 | Snake:2  | HP: 8/220 [Vashnia/arrow (10)]
 32217 | Snake:2  | Shot with an arrow by Vashnia

Skill      XL: |  1  2  3  4  5  6  7  8  9 10 11 12 13 14 15 16 |
---------------+-------------------------------------------------+-----
Fighting       | 4 5 6 7 8 9 10 11 12 13 14 | 14.4
Dodging        | 3 4 5 6 7 8 9 10 11 12 13 | 13.7
Armour         | 3 4 6 7 8 10 11 12 13 14 | 14.2
Polearms       | 4 5 6 7 9 10 12 13 14 16 17 | 17.4
Bows           | 3 6 8 10 11 12 14 15 | 15.1
Shields        | 4 7 |  7.6

Action                   |  1- 3 |  4- 6 |  7- 9 | 10-12 | 13-15 | 16-18 || total
-------------------------+-------+-------+-------+-------+-------+-------++-------
Melee: Spear             |   122 |   155 |       |       |       |       ||   277
       Headbutt          |    11 |    18 |    31 |    66 |   291 |    28 ||   445
       Halberd           |       |    38 |   239 |    29 |       |       ||   306
       Glaive            |       |       |       |   188 |       |    17 ||   205
       Demon trident     |       |       |       |   108 |   302 |       ||   410
       Lance             |       |       |       |       |   863 |   143 ||  1006
 Fire: Longbow           |       |       |    89 |   410 |       |       ||   499
       Shortbow          |       |       |     3 |    33 |  1090 |   210 ||  1336
Invok: Berserk           |     2 |     2 |     1 |     8 |    12 |     2 ||    27
       Burn Spellbooks   |       |     1 |       |     1 |     1 |     1 ||     4
       Trog's Hand       |       |       |       |     1 |       |       ||     1
       Brothers in Arms  |       |       |       |       |     1 |       ||     1
  Use: Scroll            |       |     2 |       |    22 |    10 |       ||    34
       Potion            |       |       |       |     1 |     1 |     1 ||     3
 Stab: Sleeping          |       |     1 |       |       |       |       ||     1
       Petrifying        |       |       |       |       |     2 |       ||     2
       Confused          |       |       |       |       |     1 |       ||     1
  Eat: Chunk             |     2 |     8 |    15 |    33 |    53 |     5 ||   116
       Fruit             |     1 |       |       |       |       |       ||     1
       Royal jelly       |       |       |       |     1 |     1 |       ||     2
       Beef jerky        |       |       |       |       |     3 |       ||     3
Armor: Leather armour    |    17 |    58 |    87 |    19 |       |       ||   181
       Animal skin       |     1 |       |       |       |       |       ||     1
       Ring mail         |     3 |       |       |       |       |       ||     3
       Chain mail        |       |       |       |    78 |       |       ||    78
       Scale mail        |       |       |       |    23 |   180 |       ||   203
       Plate armour      |       |       |       |       |    60 |    68 ||   128
Dodge: Dodged            |    29 |   116 |   210 |   301 |   472 |    59 ||  1187
Block: Other             |       |       |       |    18 |    38 |     8 ||    64
       Reflection        |       |       |       |     1 |     1 |     2 ||     4
